 Dungeon Crawl Stone Soup version 0.28.0 (webtiles) character file.

Game seed: 13319338140859743668

4844 browni3141 the Cleaver (level 10, 0/136 HPs)
             Began as a Minotaur Berserker on Feb 18, 2022.
             Was a Priest of Trog.
             Slain by a two-headed ogre (9 damage)
             ... on level 8 of the Dungeon.
             The game lasted 00:07:02 (11588 turns).

browni3141 the Cleaver (Minotaur Berserker)        Turns: 11588, Time: 00:07:02

Health: 0/136      AC: 16    Str: 26    XL:     10   Next: 25%
Magic:  9/9        EV:  8    Int:  4    God:    Trog [***...]
Gold:   612        SH:  0    Dex: 10    Spells: 9/9 levels left

rFire   . . .      SeeInvis .   I - +0 battleaxe
rCold   + . .      Faith    .   (shield currently unavailable)
rNeg    . . .      Spirit   .   M - +0 plate armour of the Land of Plenty {rC+}
rPois   .          Reflect  .   (helmet restricted)
rElec   .          Harm     .   s - +0 cloak
rCorr   .          Rampage  .   D - +0 pair of gloves
Will    .....                   (no boots)
Stlth   ..........              J - amulet of the acrobat
HPRegen 0.32/turn               (no ring)
MPRegen 0.11/turn               (no ring)

@: berserking (expiring), very quick
A: horns 2, retaliatory headbutt
a: Renounce Religion, Berserk, Trog's Hand


You were on level 8 of the Dungeon.
You worshipped Trog.
Trog was most pleased with you.
You visited 1 branch of the dungeon, and saw 8 of its levels.
You also visited: Ossuary.

You collected 612 gold pieces.


Innate Abilities, Weirdness & Mutations

You have a pair of horns on your head.
You reflexively headbutt those who attack you in melee.


   Skills:
 + Level 9.5 Fighting
 * Level 12.7 Axes
 + Level 9.1 Armour
 - Level 2.1 Dodging
 * Level 3.5 Shields
 + Level 1.7 Evocations


You had 9 spell levels left.
You didn't know any spells.
Your spell library was empty.

Inventory:

Hand Weapons
 a - a +0 hand axe
 E - a +1 vorpal hand axe
 I - a +0 battleaxe (weapon)
Missiles
 K - 2 throwing nets (quivered)
Armour
 b - a +0 animal skin
 n - a +2 leather armour of fire resistance
 q - the +2 ring mail of the Thunderstorm {Dex+4}
   (You found it on level 4 of the Dungeon)

   Dex:       It affects your dexterity (+4).
 s - a +0 cloak (worn)
 D - a +0 pair of gloves (worn)
 M - the +0 plate armour of the Land of Plenty (worn) {rC+}
   (You found it on level 7 of the Dungeon)

   rC:        It protects you from cold.
 N - a +0 kite shield
Jewellery
 G - an amulet of guardian spirit
 J - an amulet of the acrobat (around neck)
Wands
 k - a wand of polymorph (5)
 O - a wand of iceblast (8)
Scrolls
 c - 13 scrolls of identify {unknown}
 d - 3 scrolls of immolation {unknown}
 e - 5 scrolls of teleportation {unknown}
 g - a scroll of summoning {unknown}
 h - a scroll of fog {unknown}
 j - 3 scrolls of enchant armour {unknown}
 m - 2 scrolls of vulnerability {unknown}
 p - 2 scrolls of torment {unknown}
 t - a scroll of magic mapping {unknown}
 v - 2 scrolls of amnesia {unknown}
 y - 2 scrolls of fear {unknown}
 H - a scroll of blinking {unknown}
 P - a scroll of noise {unknown}
Potions
 f - a potion of invisibility {unknown}
 i - 3 potions of attraction {unknown}
 l - 2 potions of might {unknown}
 o - 2 potions of cancellation {unknown}
 r - a potion of mutation {unknown}
 u - a potion of magic {unknown}
 w - a potion of haste {unknown}
 x - 4 potions of curing {unknown}
 z - 2 potions of berserk rage {unknown}
 A - a potion of lignification {unknown}
 B - a potion of brilliance {unknown}
 C - 3 potions of heal wounds {unknown}
 F - 3 potions of resistance
 L - a potion of flight {unknown}

Dungeon Overview and Level Annotations

Branches:
Dungeon (8/15)             Temple (0/1) D:6            Lair (0/6) D:8
Ossuary (visited)

Altars:
Cheibriados
Elyvilon
Hepliaklqana
Kikubaaqudgha
Sif Muna
Trog
Vehumet
Zin

Shops:
D:1 ?   D:4 [[   D:5 *

Annotations:
D:3 2 transporters

#.####.##...##.#.....# #...
##.##...#######'####### #..#
#.......# ##...## ##..
#..##...# ##.....## ###.
#.......# ##.......## ##...
#.##....###.....>...####....
#.#.......'.........'.......
#.#..¦''¦¦¦¦¦¦¦¦¦¦¦¦¦¦¦¦¦¦¦¦
#.#.#¦..¦..@....... ¦
#....¦..¦.(¦O...... ¦
###.#¦..¦..¦...C...
#.#¦..¦..¦...¦.¦.
#.#¦..¦..¦.......
#.#¦.)¦..¦...¦.¦.
#.#¦..¦..¦.......
#.#¦..'..¦.......
#.#¦..'.......


You could see a two-headed ogre and a cyclops.


Message History

The cyclops throws a large rock.
The large rock closely misses you.
A red film seems to cover your vision as you go berserk!
You feel yourself moving faster!
You feel mighty!
You can no longer call in reinforcements.
The cyclops hits you!!
* * * LOW HITPOINT WARNING * * *
You slice the cyclops!!
The cyclops is severely wounded.
You hear two shouts!
The cyclops hits you!
* * * LOW HITPOINT WARNING * * *
You slice the cyclops!! You headbutt the cyclops.
You kill the cyclops!
Trog accepts your kill.
You see here 6 large rocks.
A two-headed ogre and a cyclops come into view.
The two-headed ogre is wielding the +10 dark maul {vorpal} and a +0 giant spiked club.
You feel a strong urge to attack something.
The two-headed ogre shouts in stereo!
The cyclops shouts!
There are monsters nearby!
There are monsters nearby!
Calm down first, please.
You slash the two-headed ogre!
The two-headed ogre is moderately wounded.
You slash the two-headed ogre!
The two-headed ogre is heavily wounded.
The two-headed ogre hits you with the +10 dark maul {vorpal}!!!
* * * LOW HITPOINT WARNING * * *
x2 The two-headed ogre hits you with a +0 giant spiked club!
You die...

Skill      XL: |  1  2  3  4  5  6  7  8  9 10 |
---------------+-------------------------------+-----
Axes           | 4 5 6 7 8 10 12 | 12.7
Fighting       | 4 5 6 7 9 |  9.5
Armour         | 3 4 5 7 8 9 |  9.1
Shields        | 2 3 |  3.5
Evocations     | 1 |  1.7
Dodging        | |  2.1

Action                   |  1- 3 |  4- 6 |  7- 9 | 10-12 || total
-------------------------+-------+-------+-------+-------++-------
Melee: Hand axe          |    97 |    98 |   120 |       ||   315
       Headbutt          |    14 |    21 |    34 |     8 ||    77
       Punch             |     1 |       |     3 |       ||     4
       Battleaxe         |       |       |    63 |    34 ||    97
Invok: Berserk           |       |     5 |    10 |     2 ||    17
Armor: Animal skin       |    16 |     2 |       |       ||    18
       Leather armour    |       |     8 |       |       ||     8
       Ring mail         |       |    14 |    61 |       ||    75
       Plate armour      |       |       |    14 |    17 ||    31
Dodge: Dodged            |    51 |    41 |   127 |    18 ||   237

Levels and vault maps discovered:
D:1:      scummos_arrival_simple_fountains, layout_basic, serial_shops,
          nicolae_shop_crystal, shapermc_ecumenical_altar_totnotflames,
          serial_bayou_pond_b
D:2:      layout_basic, basic_altar
D:3:      gammafunk_steamed_eel, layout_rooms, chequers_jeans,
          chequers_serial_rivers_marsh, hangedman_feature_mirror,
          nicolae_figureground_sparkle
D:4:      gammafunk_cloud_chamber, layout_loops_corners, serial_shops,
          kennysheep_mini, nicolae_lakefront_shop, nicolae_ossuary_entry_ruins,
          corexii_item_surrounded_by_moat, hex_medium, grunt_ministairs_11,
          mrwooster_statue_mirror
D:5:      layout_basic, gammafunk_temple_overflow_pools, zin_purify
D:6:      layout_gridville, grunt_temple_overflow_magic_moments,
          minmay_temple_entry_junction, st_stairs_2
D:7:      layout_loops_ring
D:8:      layout_loops_corners, general_overflow_altar,
          grunt_lair_entry_orc_guard_hut, serial_bayou_pond_d, hex_large,
          hellmonk_guarded_unrand_dark_maul

Notes
Turn   | Place    | Note
-------+----------+-------------------------------------------
     0 | D:1      | browni3141 the Minotaur Berserker began the quest for the
                  | Orb.
     0 | D:1      | Reached XP level 1. HP: 19/19 MP: 0/0
   367 | D:1      | Found Vafir's Magic Scroll Shoppe.
   368 | D:1      | Reached skill level 4 in Axes
   368 | D:1      | Reached XP level 2. HP: 27/27 MP: 1/1
   754 | D:1      | Found a faded altar of an unknown god.
   971 | D:1      | Reached skill level 4 in Fighting
   980 | D:1      | Reached ** piety under Trog
   986 | D:1      | Reached skill level 3 in Armour
   988 | D:1      | Reached XP level 3. HP: 25/33 MP: 2/2
  1437 | D:2      | Found a bloodstained altar of Trog.
  2256 | D:3      | Reached XP level 4. HP: 29/41 MP: 3/3
  2467 | D:3      | Reached skill level 5 in Axes
  2683 | D:3      | Found a transporter.
  2701 | D:3      | Reached XP level 5. HP: 30/47 MP: 4/4
  3064 | D:3      | Found a transporter.
  3145 | D:3      | Reached *** piety under Trog
  3300 | D:4      | Noticed a black bear
  3304 | D:4      | Reached skill level 4 in Armour
  3306 | D:4      | Killed a black bear
  3307 | D:4      | Reached skill level 5 in Fighting
  3307 | D:4      | Reached skill level 6 in Axes
  3307 | D:4      | Reached XP level 6. HP: 56/56 MP: 5/5
  3460 | D:4      | Identified the +2 ring mail of the Thunderstorm {Dex+4}
  3530 | D:4      | Found a transporter.
  3651 | D:4      | Found a transporter.
  3654 | D:4      | Noticed an ice beast
  3655 | D:4      | Noticed an ice beast
  3655 | D:4      | Noticed an ice beast
  3735 | D:4      | Found a sand-covered staircase.
  3745 | Ossuary  | Entered an ossuary
  4388 | Ossuary  | Reached skill level 7 in Axes
  4676 | D:4      | Reached XP level 7. HP: 54/62 MP: 6/6
  4916 | D:4      | Reached skill level 5 in Armour
  5059 | D:4      | Identified the +1 ring mail of the Great Game {rElec rN+
                  | Str+2 Slay-3}
  5097 | D:4      | Found Doehoi's Armour Shop.
  5324 | D:4      | Reached skill level 6 in Fighting
  5752 | D:4      | Found Dumm's Armour Boutique.
  5866 | D:4      | Reached skill level 8 in Axes
  6050 | D:4      | HP: 1/64 [something (21)]
  6431 | D:5      | Entered Level 5 of the Dungeon
  6510 | D:5      | Reached XP level 8. HP: 71/71 MP: 7/7
  6622 | D:5      | Reached skill level 6 in Armour
  6630 | D:5      | Reached skill level 9 in Axes
  6801 | D:5      | Found Zin's Purification Station.
  6802 | D:5      | Found a glowing silver altar of Zin.
  6819 | D:5      | Reached skill level 7 in Fighting
  7481 | D:5      | Found a hazy altar of Hepliaklqana.
  7481 | D:5      | Found a snail-covered altar of Cheibriados.
  7931 | D:6      | Found a staircase to the Ecumenical Temple.
  7950 | D:6      | Reached skill level 10 in Axes
  7950 | D:6      | Reached skill level 7 in Armour
  8395 | D:6      | Found a radiant altar of Vehumet.
  8440 | D:6      | Found an ancient bone altar of Kikubaaqudgha.
  8442 | D:6      | Found a shimmering blue altar of Sif Muna.
  8508 | D:6      | Reached **** piety under Trog
  8509 | D:6      | Reached XP level 9. HP: 79/81 MP: 8/8
  8814 | D:7      | Reached skill level 8 in Fighting
  9076 | D:7      | Reached skill level 11 in Axes
  9699 | D:7      | Identified the +0 plate armour of the Land of Plenty {rC+}
  9722 | D:8      | Reached skill level 8 in Armour
  9727 | D:8      | Reached skill level 9 in Fighting
  9727 | D:8      | Reached skill level 12 in Axes
 10303 | D:8      | Reached skill level 1 in Shields
 10318 | D:8      | Noticed a komodo dragon
 10327 | D:8      | Killed a komodo dragon
 10564 | D:8      | Found a staircase to the Lair.
 10570 | D:8      | Reached skill level 2 in Shields
 10570 | D:8      | Reached skill level 1 in Evocations
 10570 | D:8      | Reached XP level 10. HP: 91/91 MP: 9/9
 10941 | D:8      | Found a white marble altar of Elyvilon.
 11063 | D:8      | Paralysed by a hornet for 2 turns
 11381 | D:8      | Reached skill level 9 in Armour
 11566 | D:8      | Reached skill level 3 in Shields
 11575 | D:8      | Noticed a cyclops
 11583 | D:8      | Killed a cyclops
 11585 | D:8      | Noticed a two-headed ogre
 11585 | D:8      | Noticed a cyclops
 11588 | D:8      | HP: 9/136 [two-headed ogre (6)]
 11588 | D:8      | Slain by a two-headed ogre

Vanquished Creatures
  A cyclops (D:8)
  A komodo dragon (D:8)
  A hornet (D:8)
  5 yaks (D:8)
  A black bear (D:4)
  4 ice beasts
  2 orc warriors (D:8)
  A necrophage (D:6)
  3 ogres
  4 centaurs
  A phantom (D:6)
  4 scorpions
  A water moccasin zombie (D:6)
  A wyvern zombie (D:8)
  A gnoll sergeant (D:8)
  7 killer bees
  9 wights
  A hound (D:5)
  A jelly (D:4)
  2 bullfrog skeletons
  2 orc priests
  3 centaur skeletons
  2 iguanas
  2 orc wizards (D:4)
  A killer bee zombie (D:8)
  8 mummies (Ossuary)
  A howler monkey zombie (D:7)
  A howler monkey skeleton (D:7)
  15 gnolls
  9 adders
  A shadow imp (D:6)
  A white imp (D:7)
  2 ufetubi (D:6)
  3 dart slugs
  21 orcs
  6 bats
  8 endoplasms
  3 giant cockroaches
  A gnoll zombie (Ossuary)
  4 goblins
  7 hobgoblins
  6 jackals
  8 kobolds
  4 quokkas
  3 ball pythons
  3 frilled lizards (D:1)
  A hobgoblin zombie (Ossuary)
  2 kobold zombies (Ossuary)
  4 orc zombies (Ossuary)
  5 rats
188 creatures vanquished.

Vanquished Creatures (others)
  4 fungi (D:8)
  5 plants (D:8)
9 creatures vanquished.

Grand Total: 197 creatures vanquished

Table legend: (Time is in decaauts)
 A = Elapsed time spent in this place.
 B = Non-inter-level travel time spent in this place.
 C = Inter-level travel time spent in this place.
 D = Time resting spent in this place.
 E = Time spent auto-exploring this place.
 F = Levels seen in this place.
 G = Mean time per level.
                   A        B        C        D        E       F      G
               +--------+--------+--------+--------+--------+-----+--------+
         Total |  11729 |  11378 |    351 |   2747 |   7424 |   9 | 1303.2 |
       Dungeon |  10915 |  10564 |    351 |   2328 |   7108 |   8 | 1364.4 |
       Ossuary |    814 |    814 |      0 |    419 |    316 |   1 |  814.0 |
               +--------+--------+--------+--------+--------+-----+--------+

Top non-repeatable levels by time:
     D:4: 2368 daAuts
     D:8: 1909 daAuts
     D:5: 1500 daAuts
     D:1: 1132 daAuts
     D:3: 1110 daAuts
     D:2: 1088 daAuts
     D:7: 929 daAuts
     D:6: 875 daAuts
 Ossuary: 814 daAuts

Table legend:
 A = Non-vault XP
 B = Vault XP
 C = Vault XP percentage of total XP
 D = Non-vault monster count
 E = Vault monster count
 F = Vault count percentage of total count
                 A         B        C        D         E       F
            +---------+---------+-------+---------+---------+-------
      Total |    4682 |    2238 |  32.3 |     152 |      36 |  19.1
            +---------+---------+-------+---------+---------+-------
        D:1 |      37 |       6 |  14.0 |      22 |       4 |  15.4
        D:2 |      47 |       0 |   0.0 |      12 |       0 |   0.0
        D:3 |     147 |       4 |   2.6 |      25 |       2 |   7.4
        D:4 |     488 |     441 |  47.5 |      29 |       5 |  14.7
        D:5 |     844 |       0 |   0.0 |      14 |       0 |   0.0
        D:6 |     431 |     258 |  37.4 |      13 |       2 |  13.3
        D:7 |     793 |       0 |   0.0 |      16 |       0 |   0.0
        D:8 |    1895 |    1376 |  42.1 |      21 |       7 |  25.0
    Ossuary |       0 |     153 | 100.0 |       0 |      16 | 100.0
            +---------+---------+-------+---------+---------+-------
